 Dungeon Crawl Stone Soup version 0.25-a0-474-ga8a2ee3166 (console) character file.

Game seed: 3555264706716255309, levelgen mode: deterministic

82 surprisetrex the Chopper (level 4, -2/39 HPs)
             Began as a Minotaur Berserker on Feb 7, 2020.
             Was a Believer of Trog.
             Killed by divine providence
             ... invoked by an orc priest
              (12 damage)
             ... on level 3 of the Dungeon.
             The game lasted 00:06:00 (1432 turns).

surprisetrex the Chopper (Minotaur Berserker)       Turns: 1432, Time: 00:06:01

Health: -2/39      AC:  8    Str: 23    XL:     4   Next: 21%
Magic:  3/3        EV:  8    Int:  4    God:    Trog [**....]
Gold:   93         SH:  0    Dex:  9    Spells: 3/3 levels left

rFire    . . .     SeeInvis .   a - +0 hand axe
rCold    . . .     Gourm    .   (no shield)
rNeg     . . .     Faith    .   f - +0 chain mail
rPois    .         Spirit   .   (helmet restricted)
rElec    .         Reflect  .   (no cloak)
rCorr    .         Harm     .   (no gloves)
MR       .....                  (no boots)
Stlth    ..........             (no amulet)
HPRegen  0.13/turn              (no ring)
MPRegen  0.08/turn              (no ring)

@: no status effects
A: retaliatory headbutt, horns 2
a: Berserk, Trog's Hand, Renounce Religion


You were on level 3 of the Dungeon.
You worshipped Trog.
Trog was pleased with you.
You were not hungry.

You visited 1 branch of the dungeon, and saw 3 of its levels.

You collected 93 gold pieces.

Inventory:

Hand Weapons
 a - a +0 hand axe (weapon)
Missiles
 h - 24 stones (quivered)
Armour
 b - a +0 animal skin
 f - a +0 chain mail (worn)
Wands
 j - a wand of digging (4)
Scrolls
 e - a scroll of fear {unknown}
 i - a scroll of magic mapping {unknown}
 k - 2 scrolls of enchant weapon {unknown}
Potions
 g - a potion of flight {unknown}
 l - a potion of heal wounds {unknown}
Comestibles
 c - 4 rations
 d - 2 chunks of flesh


   Skills:
 - Level 3.6 Fighting
 + Level 6.2 Axes
 - Level 2.4 Armour
 - Level 2.1 Dodging


You had 3 spell levels left.
You didn't know any spells.
Your spell library was empty.

Dungeon Overview and Level Annotations

Branches:
Dungeon (3/15)

Altars:


Innate Abilities, Weirdness & Mutations

You reflexively headbutt those who attack you in melee.
You have a pair of horns on your head.


Message History

The leopard gecko bites you.
* * * LOW HITPOINT WARNING * * *
Some of the chunks of flesh in your inventory have rotted away.
Things that are here:
2 boomerangs; a +0 leather armour; an orc corpse The orc priest hits you but does no damage.
Your chain mail prevents you from hitting the orc priest.
Your headbutt misses the orc priest. You hit the leopard gecko.
The leopard gecko bites you.
* * * LOW HITPOINT WARNING * * *
The orc priest closely misses you. The leopard gecko closely misses you.
You hit the orc priest.
You headbutt the orc priest, but do no damage.
The orc priest is lightly wounded.
You hit the leopard gecko.
You kill the leopard gecko!
Trog accepts your kill.
The orc priest mumbles some strange prayers to Beogh against you.
Beogh smites you!
You die...

###########
.#######.........#
.................#
?....>............
#.....†...........
#....<)(@o......
#.#.#.######.#..
#.))# #.#.# #.#.#
# ... ... ...
.....


You could see an orc priest.

Vanquished Creatures
  An adder (D:2)
  2 worms (D:2)
  2 dart slugs
  A leopard gecko (D:3)
  2 orcs (D:3)
  4 giant cockroaches
  4 hobgoblins
  8 jackals
  A quokka (D:2)
  A ball python (D:1)
  4 bats
  2 frilled lizards
  13 goblins
  3 kobolds
  8 rats
56 creatures vanquished.

Notes
Turn   | Place    | Note
-------+----------+-------------------------------------------
     0 | D:1      | surprisetrex the Minotaur Berserker began the quest for the
                  | Orb.
     0 | D:1      | Reached XP level 1. HP: 19/19 MP: 0/0
   138 | D:1      | Reached skill level 4 in Axes
   149 | D:1      | Reached XP level 2. HP: 20/26 MP: 1/1
   767 | D:2      | Reached skill level 5 in Axes
   799 | D:2      | Reached XP level 3. HP: 27/31 MP: 2/2
   809 | D:2      | Reached ** piety under Trog
  1403 | D:3      | Reached skill level 6 in Axes
  1403 | D:3      | Reached XP level 4. HP: 39/39 MP: 3/3
  1432 | D:3      | Killed from afar by an orc priest

Levels and vault maps discovered:
D:1:      onia_arrival_mini_maze, layout_basic, serial_bayou_pond_a
D:2:      layout_loops_ring
D:3:      layout_basic

Skill      XL: |  1  2  3 |
---------------+----------+-----
Axes           | 4 5 6 |  6.2
Fighting       | |  3.6
Armour         | |  2.4
Dodging        | |  2.1

Action                   |  1- 3 |  4- 6 || total
-------------------------+-------+-------++-------
Melee: Hand axe          |   106 |    18 ||   124
       Headbutt          |    16 |     2 ||    18
  Eat: Chunk             |     2 |       ||     2
Armor: Animal skin       |     4 |       ||     4
       Chain mail        |    41 |    10 ||    51
Dodge: Dodged            |    37 |    11 ||    48

Table legend:
 A = Non-vault XP
 B = Vault XP
 C = Vault XP percentage of total XP
 D = Non-vault monster count
 E = Vault monster count
 F = Vault count percentage of total count
                 A         B        C        D         E       F
            +---------+---------+-------+---------+---------+-------
      Total |     118 |       0 |   0.0 |      56 |       0 |   0.0
            +---------+---------+-------+---------+---------+-------
        D:1 |      30 |       0 |   0.0 |      19 |       0 |   0.0
        D:2 |      66 |       0 |   0.0 |      27 |       0 |   0.0
        D:3 |      22 |       0 |   0.0 |      10 |       0 |   0.0
            +---------+---------+-------+---------+---------+-------
